 Dungeon Crawl Stone Soup version 0.21.1-1-g345015f (webtiles) character file.

21668 KromesxD the Cleaver (level 12, 0/106 HPs)
             Began as a Minotaur Fighter on May 31, 2018.
             Was an Elder of Wu Jian.
             Killed from afar by a shock serpent (shapeshifter) (33 damage)
             ... with a bolt of electricity
             ... on level 13 of the Dungeon.
             The game lasted 01:00:37 (11605 turns).

KromesxD the Cleaver (Minotaur Fighter)            Turns: 11605, Time: 01:00:38

Health: 0/106      AC:  8    Str: 25    XL:     12   Next: 56%
Magic:  16/16      EV: 13    Int:  6    God:    Wu Jian [****..]
Gold:   869        SH: 10    Dex: 14    Spells: 11/11 levels left

rFire    + . .     SeeInvis +   H - +3 mace of Jeep {crush, Str+2}
rCold    . . .     Gourm    .   q - +0 buckler
rNeg     . . .     Faith    .   n - +2 chain mail {rF+}
rPois    .         Spirit   .   (helmet restricted)
rElec    .         Reflect  +   C - +0 cloak
rCorr    .         Harm     .   (no gloves)
MR       .....                  g - +1 pair of boots
Stlth    ..........             o - +3 amulet of reflection
HPRegen  0.27/turn              y - ring of see invisible
MPRegen  0.15/turn              Q - +4 ring of strength

@: corroded, very slightly contaminated
A: retaliatory headbutt, horns 2, weak 1
a: Wall Jump, Serpent's Lash, Renounce Religion


You were on level 13 of the Dungeon.
You worshipped Wu Jian.
Wu Jian was greatly pleased with you.
You were not hungry.

You visited 1 branch of the dungeon, and saw 13 of its levels.
You also visited: Ossuary.

You collected 869 gold pieces.

Inventory:

Hand Weapons
 m - a +6 blowgun
 H - the +3 mace of Jeep (weapon) {crush, Str+2}
   (You found it on level 6 of the Dungeon)

   It inflicts extra damage upon your enemies.
   It affects your strength (+2).
 K - a +2 war axe of electrocution
Armour
 c - a +0 shield
 g - a +1 pair of boots (worn)
 n - a +2 chain mail of fire resistance (worn)
 q - a +0 buckler (worn)
 z - a +0 scale mail of magic resistance
 C - a +0 cloak (worn)
 X - a +2 shield
Jewellery
 e - an uncursed ring of protection from cold
 o - a +3 amulet of reflection (around neck)
 y - a ring of see invisible (left hand)
 Q - a +4 ring of strength (right hand)
Wands
 a - a wand of polymorph (15)
 r - a wand of paralysis (17)
 G - a wand of iceblast (9)
 I - a wand of acid (7)
 N - a wand of random effects (92)
 P - a wand of flame (52)
Scrolls
 b - 2 scrolls of fog
 i - 2 scrolls of magic mapping
 l - 8 scrolls of remove curse
 t - 4 scrolls of enchant armour
 u - a scroll of enchant weapon
 w - 2 scrolls of blinking
 x - a scroll of immolation {unknown}
 D - 3 scrolls of teleportation {unknown}
 E - 2 scrolls of noise {unknown}
 F - a scroll of amnesia
 M - a scroll of brand weapon
 T - a scroll of silence {unknown}
 V - a scroll of acquirement {unknown}
 W - a scroll of vulnerability {unknown}
Potions
 d - 3 potions of might
 j - 3 potions of curing
 k - 5 potions of haste
 p - a potion of ambrosia
 s - 4 potions of lignification
 A - a potion of cancellation
 B - 2 potions of brilliance
 J - a potion of flight
 L - a potion of magic {unknown}
 O - a potion of invisibility
 R - 2 potions of resistance {unknown}
Comestibles
 f - 18 rations
 v - 2 chunks of flesh


   Skills:
 * Level 9.9 Fighting
 - Level 14.3 Axes
 - Level 8.0 Armour
 - Level 9.2 Dodging
 + Level 10.7 Shields
 - Level 7.1 Evocations


You had 11 spell levels left.
You didn't know any spells.

Dungeon Overview and Level Annotations

Branches:
Dungeon (13/15)            Temple (0/1) D:5            Lair (0/6) D:11
    Orc (0/2) D:10
 Vaults: D:13-14

Altars:
Fedhas
Sif Muna
Wu Jian
Beogh


Innate Abilities, Weirdness & Mutations

You reflexively headbutt those who attack you in melee.
You have a pair of horns on your head.
You are weak. (Str -2)


Message History

The shock serpent shoots out a bolt of lightning at you!
The bolt of electricity hits you! x2; The brown very ugly thing engulfs you.
The acid corrodes you!
You are splashed with acid!
The acid burns!
* * * LOW HITPOINT WARNING * * *
Blink to where?
Press: ? - help, Dir - move target cursor
As you read the scroll of blinking, it crumbles to dust.
Found a stone staircase leading down.
You feel better.
As you read the scroll of fear, it crumbles to dust.
You assume a fearsome visage.
The brown very ugly thing looks frightened!
The shock serpent easily resists.
Some of the chunks of flesh in your inventory have rotted away.
You hit the shock serpent but do no damage.
Your headbutt misses the shock serpent.
The shock serpent is lightly wounded.
The shock serpent shoots out a bolt of lightning at you!
The bolt of electricity hits you!
You die...

........S.#####...
###..###.#####...# #.#
#u###....## #.#
#.#...##<#. #
#.####...####.#.
#..#####........# #...
#....>...u##.##.####..#
###.S.....##.......#
#..@#########..###.#
##### #..# #.# .....
#.# ...###.##.# <.###
..... # #####


You could see a brown very ugly thing (fleeing) and a shock serpent shaped
shifter.

Vanquished Creatures
  Josephine (D:12)
  Fannar (D:11)
  3 two-headed ogres (D:12)
  Erica (D:8)
  The ghost of Scuka the Carver, a novice BaFi of Cheibriados (D:9)
  2 orc high priests (D:12)
  A tengu warrior (D:13)
  Pikel (D:5)
  2 cyclopes (D:12)
  Joseph (D:7)
  Maurice (D:8)
  The ghost of Monsterracer the Grappler, a novice MiMo (D:6)
  A gargoyle (D:10)
  2 kobold demonologists (D:11)
  3 trolls
  A hornet (D:11)
  3 hippogriffs
  A redback (D:13)
  4 yaks (D:11)
  A vampire (D:12)
  6 hungry ghosts
  7 wraiths
  2 acid dragons
  A soldier ant (shapeshifter) (D:13)
  2 hell hounds (D:11)
  2 black bears
  8 orc warriors
  An eye of draining (D:11)
  A phantom (D:10)
  5 ice beasts
  4 sky beasts
  5 ogres
  5 centaurs
  A crocodile (D:10)
  2 big kobolds (D:11)
  5 bullfrogs
  A wyvern zombie (D:10)
  A water moccasin skeleton (D:9)
  3 scorpions
  3 troll zombies (D:10)
  19 wights
  2 howler monkeys
  8 crimson imps
  5 jellies
  6 hounds
  11 orc priests
  3 bullfrog skeletons
  4 centaur skeletons
  Terence (D:2)
  Jessica (D:3)
  Ijyb (D:3)
  11 worker ants
  An iguana (D:4)
  18 orc wizards
  5 ogre zombies (D:10)
  A hound skeleton (D:4)
  3 gnolls (D:4)
  15 adders
  A shadow imp (D:10)
  2 adder zombies
  3 adder skeletons
  4 dart slugs
  3 worms
  7 leopard geckos
  53 orcs
  12 bats
  6 giant cockroaches
  4 goblins
  6 hobgoblins
  9 jackals
  6 quokkas
  3 ball python skeletons (Ossuary)
  2 frilled lizards
  3 goblin skeletons (D:10)
  2 hobgoblin skeletons
  2 hobgoblin zombies
  A jackal skeleton (D:9)
  8 kobolds
  A kobold zombie (Ossuary)
  A leopard gecko skeleton (D:4)
  A leopard gecko zombie (D:3)
  4 orc skeletons
  19 orc zombies
  2 quokka skeletons
  5 rats
382 creatures vanquished.

Vanquished Creatures (others)
  A water moccasin zombie (D:5)
  A bush (D:11)
  7 plants (D:11)
9 creatures vanquished.

Grand Total: 391 creatures vanquished

Notes
Turn   | Place    | Note
-------+----------+-------------------------------------------
     0 | D:1      | KromesxD the Minotaur Fighter began the quest for the Orb.
     0 | D:1      | Reached XP level 1. HP: 19/19 MP: 0/0
    99 | D:1      | Reached skill level 3 in Axes
   122 | D:1      | Reached XP level 2. HP: 18/26 MP: 1/1
   825 | D:2      | Noticed Terence
   860 | D:1      | Reached skill level 4 in Axes
   860 | D:1      | Reached XP level 3. HP: 10/31 MP: 2/2
  1086 | D:2      | Killed Terence
  1086 | D:2      | Reached skill level 5 in Axes
  1314 | D:2      | Reached XP level 4. HP: 37/39 MP: 3/3
  1939 | D:3      | Noticed Jessica
  1942 | D:3      | Killed Jessica
  1966 | D:3      | Found a faded altar of an unknown god.
  2109 | D:3      | Became a worshipper of the Wu Jian Council
  2109 | D:3      | Reached * piety under Wu Jian
  2212 | D:3      | Reached XP level 5. HP: 44/45 MP: 4/4
  2293 | D:3      | Reached skill level 5 in Shields
  2372 | D:3      | Noticed Ijyb
  2378 | D:3      | Paralysed by Ijyb for 5 turns
  2389 | D:3      | Paralysed by Ijyb for 5 turns
  2397 | D:3      | Killed Ijyb
  2596 | D:4      | Noticed a sky beast
  2644 | D:4      | Reached XP level 6. HP: 51/51 MP: 5/5
  2671 | D:4      | Reached skill level 6 in Axes
  2777 | D:4      | Reached ** piety under Wu Jian
  2797 | D:4      | Killed a sky beast
  2828 | D:4      | Reached skill level 5 in Fighting
  2844 | D:4      | Reached skill level 7 in Axes
  2844 | D:4      | Reached XP level 7. HP: 21/61 MP: 6/6
  3342 | D:4      | Found a deep blue altar of Sif Muna.
  3483 | D:5      | Entered Level 5 of the Dungeon
  3655 | D:5      | Noticed Pikel
  3657 | D:5      | Found a staircase to the Ecumenical Temple.
  3667 | D:5      | Killed Pikel
  3667 | D:5      | Reached skill level 9 in Axes
  3667 | D:5      | Reached XP level 8. HP: 58/74 MP: 7/7
  4047 | D:5      | Reached skill level 1 in Dodging
  4458 | D:6      | Reached skill level 5 in Armour
  4459 | D:6      | Reached *** piety under Wu Jian
  4467 | D:6      | Reached XP level 9. HP: 66/81 MP: 8/8
  4563 | D:6      | Got a shimmering mace
  4564 | D:6      | Identified the +3 mace of Jeep {crush, Str+2} (You found it on level 6 of the Dungeon)
  4685 | D:6      | Reached skill level 5 in Dodging
  5162 | D:6      | Noticed Monsterracer's ghost (novice MiMo)
  5179 | D:6      | Killed Monsterracer's ghost
  5679 | D:7      | Noticed Joseph
  5681 | D:7      | Found a sand-covered staircase.
  5692 | Ossuary  | Entered an ossuary
  5759 | Ossuary  | Reached **** piety under Wu Jian
  5948 | D:7      | Killed Joseph
  5948 | D:7      | Reached XP level 10. HP: 56/88 MP: 9/9
  6541 | D:8      | Noticed Maurice
  6549 | D:8      | Killed Maurice
  6809 | D:8      | Noticed Erica
  6823 | D:8      | Killed Erica
  7446 | D:9      | Reached skill level 10 in Axes
  7806 | D:9      | Noticed Scuka's ghost (novice BaFi)
  7825 | D:9      | Killed Scuka's ghost
  7897 | D:9      | Reached skill level 11 in Axes
  8100 | D:9      | Reached XP level 11. HP: 97/97 MP: 10/10
  8477 | D:10     | Entered Level 10 of the Dungeon
  8610 | D:10     | Reached ***** piety under Wu Jian
  8613 | D:10     | Found a staircase to the Orcish Mines.
  8677 | D:10     | Reached skill level 12 in Axes
  9292 | D:11     | Reached skill level 1 in Evocations
  9338 | D:11     | Found a staircase to the Lair.
  9533 | D:11     | Noticed Fannar
  9542 | D:11     | Killed Fannar
  9542 | D:11     | Reached skill level 5 in Evocations
  9649 | D:11     | Noticed a soul eater
 10266 | D:11     | Found a blossoming altar of Fedhas.
 10482 | D:12     | Noticed a two-headed ogre
 10484 | D:12     | Noticed a two-headed ogre
 10490 | D:12     | Killed a two-headed ogre
 10492 | D:12     | Killed a two-headed ogre
 10492 | D:12     | Reached XP level 12. HP: 74/106 MP: 14/16
 10548 | D:12     | Noticed Josephine
 10572 | D:12     | Killed Josephine
 10572 | D:12     | Reached skill level 13 in Axes
 10690 | D:12     | Found a transporter.
 10694 | D:12     | Noticed a two-headed ogre
 10694 | D:12     | Noticed an orc high priest
 10694 | D:12     | Found a roughly hewn altar of Beogh.
 10695 | D:12     | Noticed an orc high priest
 10697 | D:12     | Found a transporter.
 10706 | D:12     | Killed a two-headed ogre
 10708 | D:12     | Reached skill level 10 in Shields
 10711 | D:12     | Killed an orc high priest
 10712 | D:12     | Killed an orc high priest
 11010 | D:12     | Reached skill level 14 in Axes
 11492 | D:13     | Noticed a tengu warrior
 11511 | D:13     | Killed a tengu warrior
 11553 | D:13     | Noticed a six-headed hydra
 11554 | D:13     | Noticed a brown very ugly thing
 11557 | D:13     | Gained mutation: You are weak. (Str -2) [a shining eye]
 11605 | D:13     | Killed from afar by a shock serpent (shapeshifter)

Skill      XL: |  1  2  3  4  5  6  7  8  9 10 11 12 |
---------------+-------------------------------------+-----
Axes           | 3 4 5 7 9 11 12 14 | 14.3
Shields        | 4 6 9 10 | 10.7
Fighting       | 5 7 8 9 |  9.9
Dodging        | 4 9 |  9.2
Armour         | 5 7 8 |  8.0
Evocations     | 7 |  7.1

Action                   |  1- 3 |  4- 6 |  7- 9 | 10-12 || total
-------------------------+-------+-------+-------+-------++-------
Melee: War axe           |    82 |   142 |   304 |   524 ||  1052
       Headbutt          |    15 |    24 |    46 |   104 ||   189
       Mace              |       |       |       |     2 ||     2
Invok: Lunge             |       |    12 |    14 |    50 ||    76
       Whirlwind         |       |    14 |    35 |    22 ||    71
       Wall Jump         |       |       |     9 |    10 ||    19
       Serpent's Lash    |       |       |     1 |     4 ||     5
Evoke: Wand              |       |       |     2 |    22 ||    24
  Use: Scroll            |     2 |     5 |     2 |    16 ||    25
       Potion            |       |       |     1 |     7 ||     8
 Stab: Confused          |       |       |       |     1 ||     1
       Paralysed         |       |       |       |     1 ||     1
  Eat: Ration            |     1 |       |     2 |     3 ||     6
       Chunk             |       |     3 |    10 |    14 ||    27
Armor: Scale mail        |    28 |       |       |       ||    28
       Chain mail        |     4 |    73 |   107 |   137 ||   321
Dodge: Dodged            |    35 |    32 |    88 |   150 ||   305
Block: Shield            |    38 |    12 |       |       ||    50
       Buckler           |       |    43 |    82 |   151 ||   276
       Reflection        |       |     2 |     4 |    13 ||    19
